 Dungeon Crawl Stone Soup version 0.17-a0-2027-gcac42c4 (webtiles) character file.

7256 maniek23 the Covert (level 10, -3/64 HPs)
             Began as a Vampire Enchanter on Oct 10, 2015.
             Was a High Priest of Ru.
             Succumbed to a halberd of venom's poison
             ... on level 11 of the Dungeon.
             The game lasted 00:45:19 (8585 turns).

maniek23 the Covert (Vampire Enchanter)             Turns: 8585, Time: 00:45:19

Health: -3/64      AC:  8    Str:  8    XL:     10   Next: 88%
Magic:  9/19       EV: 18    Int: 17    God:    Ru [*****.]
Gold:   415        SH:  0    Dex: 18    Spells: 4 memorised, 12 levels left

rFire  . . .     SeeInvis +     o - +3 dagger (vamp)
rCold  + . .     Clarity  .     L - +1 leather armour {rC+}
rNeg   . . .     SustAt   .     (shield unavailable)
rPois  .         Gourm    .     m - +0 helmet
rElec  .         Spirit   .     w - +1 cloak
rCorr  .         Warding  .     t - +0 pair of gloves
rMut   .         Rnd*Tele +     (no boots)
MR     +....                    (no amulet)
Stlth  +++++.....               C - ring of teleportation
                                (ring unavailable)

@: lethally poisoned (-3 -> -62), regenerating quickly, somewhat resistant to
hostile enchantments, quite stealthy
A: fangs 3, see invisible, unbreathing, missing a hand, hated by all,
inexperienced 1
a: Draw Out Power, Power Leap, Apocalypse, Renounce Religion, Evoke
Teleportation


You were on level 11 of the Dungeon.
You worshipped Ru.
Ru was extremely pleased with you.
You were full.

You visited 2 branches of the dungeon, and saw 12 of its levels.

You collected 415 gold pieces.

Inventory:

Hand Weapons
 a - a +1 dagger
 g - a cursed -2 dagger
 o - a +3 vampiric dagger (weapon)
Armour
 b - a +1 robe
 m - a +0 helmet (worn)
 t - a +0 pair of gloves (worn)
 w - a +1 cloak (worn)
 L - a +1 leather armour of cold resistance (worn)
Jewellery
 C - a ring of teleportation (right hand)
Wands
 F - a wand of paralysis (5)
 G - a wand of frost (23)
 N - a wand of digging (8)
 O - a wand of cold (7)
Scrolls
 e - 5 scrolls of remove curse
 f - 3 scrolls of noise
 h - 5 scrolls of enchant armour
 k - a scroll of amnesia
 l - 3 scrolls of random uselessness
 u - 2 scrolls of magic mapping
 y - 2 scrolls of fear
 A - 5 scrolls of teleportation
 B - a scroll of blinking {unknown}
 E - a scroll of enchant weapon
 I - a scroll of immolation {unknown}
 J - a scroll of silence {unknown}
 K - 3 scrolls of identify
Potions
 d - 11 potions of blood
 i - 2 potions of brilliance
 j - 7 potions of curing
 n - 2 potions of ambrosia {unknown}
 p - a potion of magic {unknown}
 q - 2 potions of might
 r - 3 potions of poison {unknown}
 v - a potion of degeneration {unknown}
 z - 2 potions of lignification {unknown}
 D - 2 potions of haste {unknown}
 H - a potion of flight {unknown}
 M - a potion of heal wounds {unknown}
Books
 c - a book of Maledictions

   Spells                             Type                      Level
   a - Corona                         Hexes                        1
   b - Ensorcelled Hibernation        Hexes/Ice                    2
   c - Confuse                        Hexes                        3
   d - Tukima's Dance                 Hexes                        3
   e - Dazzling Spray                 Conjuration/Hexes            3
 x - a book of Unlife

   Spells                             Type                      Level
   a - Recall                         Summoning/Translocation      3
   b - Animate Dead                   Necromancy                   4
   c - Control Undead                 Necromancy                   4
   d - Cigotuvi's Embrace             Necromancy                   5
   e - Death Channel                  Necromancy                   6
   f - Simulacrum                     Ice/Necromancy               6
Miscellaneous
 s - a disc of storms


   Skills:
 - Level 0.5 Fighting
 - Level 10.0 Short Blades
 + Level 0.5 Armour
 * Level 9.7 Dodging
 + Level 11.0 Stealth
 + Level 6.3 Spellcasting
 - Level 10.4 Hexes
 + Level 1.3 Evocations


You had 12 spell levels left.
You knew the following spells:

 Your Spells              Type           Power        Failure   Level  Hunger
a - Corona                Hex            #####..      1%          1    None
b - Ensorcelled Hibernat  Hex/Ice        ###...       3%          2    None
c - Confuse               Hex            #####...     1%          3    ##.....
d - Tukima's Dance        Hex            #####...     1%          3    ##.....


Dungeon Overview and Level Annotations

Branches:
Dungeon (11/15)            Temple (1/1) D:4            Lair (0/8) D:10
    Orc: D:9-12

Altars:
Ashenzari
Cheibriados
Dithmenos
Fedhas
Gozag
Kikubaaqudgha
Makhleb
Nemelex Xobeh
Okawaru
Qazlal
Ru
Sif Muna
Vehumet
Xom
Zin
The Shining One

Shops:
D:4 :


Innate Abilities, Weirdness & Mutations

Your natural rate of healing is unusually fast.
You have razor-sharp teeth.
You have supernaturally acute eyesight.
You can survive without breathing.
You are missing a hand.
You are hated by all.
You are somewhat inexperienced (-2 XL).


Message History

The halberd of venom hits you from afar!!
You are lethally poisoned!
You hit the giant frog.
You feel better.
The giant frog is moderately wounded.
You feel sick. The giant frog hits you.
The halberd of venom hits you from afar!
* * * LOW HITPOINT WARNING * * *
You are more poisoned.
* * * LOW HITPOINT WARNING * * *
You feel very sick. The giant frog closely misses you.
There is a stone staircase leading down here.
Drink which item? (? for menu, Esc to quit)
Okay, then.
Read which item? (? for menu, Esc to quit)
As you read the scroll of fear, it crumbles to dust.
You assume a fearsome visage.
The halberd of venom is unaffected.
The giant frog looks frightened!
The gnoll looks frightened!
The gnoll looks frightened!
You die...

##................
..##...........>.
..#.............
####.#............
#..#..............
#.................
##.....÷.).(((....
#.#...............
#@.g##............
#.F#(.............
#.#g.....%...g....
##................
#.#....†....T.....
#..#..............
#................
##...............
#................


You could see a giant frog (fleeing), a halberd of venom and 2 gnolls.

Vanquished Creatures
  A flayed ghost (D:8)
  2 hill giants
  A cyclops (D:8)
  A troll (D:10)
  Grinder (D:6)
  A trapdoor spider zombie (D:10)
  A wyvern (D:8)
  A steam dragon (D:8)
  4 hungry ghosts
  5 hippogriffs
  Menkaure (D:6)
  Edmund (D:6)
  2 ice beasts
  A sky beast (D:7)
  An orc warrior (D:8)
  4 phantoms
  2 ogres (D:5)
  3 centaurs
  A wyvern zombie (D:8)
  6 giant frogs
  3 scorpions
  3 wights (D:11)
  3 killer bees (D:7)
  6 hounds
  6 jellies
  6 crimson imps
  Crazy Yiuf (D:7)
  2 giant frog skeletons
  5 orc priests
  Jessica (D:3)
  A centaur skeleton (D:6)
  13 orc wizards
  4 iguanas
  6 worker ants
  2 hound skeletons
  3 worker ant zombies
  2 gnolls (D:11)
  16 adders
  A shadow imp (D:9)
  An ooze (D:1)
  2 adder skeletons
  2 worms (D:3)
  5 giant geckos
  31 orcs
  7 bats
  7 giant cockroaches
  15 hobgoblins
  11 jackals
  7 kobolds
  7 quokkas
  3 ball pythons
  A giant gecko skeleton (D:4)
  3 giant gecko zombies
  A giant newt (D:3)
  6 goblins
  A jackal zombie (D:5)
  4 rats (D:1)
238 creatures vanquished.

Vanquished Creatures (collateral kills)
  Pikel (D:7)
  2 orc warriors
  A giant frog (D:7)
  A crimson imp (D:8)
  An orc wizard (D:8)
6 creatures vanquished.

Vanquished Creatures (others)
  2 giant frogs (D:7)
  A giant frog zombie (D:7)
  A worker ant (D:11)
  A fungus (D:7)
5 creatures vanquished.

Grand Total: 249 creatures vanquished

Notes
Turn   | Place    | Note
--------------------------------------------------------------
     0 | D:1      | maniek23 the Vampire Enchanter began the quest for the Orb.
     0 | D:1      | Reached XP level 1. HP: 13/13 MP: 3/3
   124 | D:1      | Reached XP level 2. HP: 14/19 MP: 5/5
   494 | D:1      | Reached skill level 5 in Stealth
   494 | D:1      | Reached XP level 3. HP: 11/25 MP: 6/6
   498 | D:1      | Learned a level 2 spell: Ensorcelled Hibernation
   740 | D:2      | Reached skill level 5 in Hexes
  1188 | D:2      | Reached XP level 4. HP: 31/31 MP: 2/7
  1434 | D:2      | Found a sparkling altar of Nemelex Xobeh.
  1435 | D:2      | Noticed an ice beast
  1435 | D:2      | Noticed a centaur
  1748 | D:3      | Reached XP level 5. HP: 36/36 MP: 8/8
  1773 | D:3      | Noticed Jessica
  1780 | D:3      | Killed Jessica
  1807 | D:3      | Found a glowing golden altar of the Shining One.
  1807 | D:3      | Found an opulent altar of Gozag.
  2056 | D:4      | Found an ancient bone altar of Kikubaaqudgha.
  2147 | D:4      | Reached skill level 6 in Stealth
  2226 | D:4      | Found a staircase to the Ecumenical Temple.
  2323 | Temple   | Entered the Ecumenical Temple
  2406 | Temple   | Became a worshipper of Ru the Awakened
  2478 | D:4      | Reached XP level 6. HP: 30/42 MP: 10/10
  2586 | D:4      | Found a shattered altar of Ashenzari.
  2601 | D:4      | Found Jilaozuwoo's Book Shoppe.
  2613 | D:4      | Learned a level 3 spell: Confuse
  2617 | D:4      | Learned a level 3 spell: Tukima's Dance
  2746 | D:5      | Entered Level 5 of the Dungeon
  3037 | D:5      | Reached XP level 7. HP: 47/47 MP: 11/11
  3314 | D:5      | Reached skill level 5 in Short Blades
  3451 | D:6      | Reached skill level 7 in Stealth
  3547 | D:6      | Found a snail-covered altar of Cheibriados.
  3595 | D:6      | Noticed Grinder
  3603 | D:6      | Killed Grinder
  3603 | D:6      | Reached XP level 8. HP: 53/53 MP: 13/13
  3670 | D:6      | Noticed Menkaure
  3692 | D:6      | Killed Menkaure
  3692 | D:6      | Reached skill level 5 in Dodging
  3699 | D:6      | Gained mutation: You are somewhat inexperienced (-2 XL). [Ru sacrifice]
  3699 | D:6      | Reached XP level 7. HP: 7/47 MP: 2/12
  3699 | D:6      | Reached XP level 6. HP: 7/42 MP: 2/11
  3699 | D:6      | Acquired Ru's first power
  4203 | D:6      | Reached XP level 7. HP: 33/47 MP: 10/13
  4250 | D:6      | Reached skill level 8 in Hexes
  4377 | D:6      | Noticed Edmund
  4383 | D:6      | Killed Edmund
  4686 | D:7      | Reached XP level 8. HP: 53/53 MP: 14/14
  4962 | D:7      | Noticed Crazy Yiuf
  4968 | D:7      | Killed Crazy Yiuf
  5546 | D:7      | Reached skill level 9 in Stealth
  5587 | D:7      | Reached skill level 5 in Spellcasting
  5616 | D:7      | Noticed Pikel
  5647 | D:7      | Killed Pikel
  5647 | D:7      | Reached XP level 9. HP: 52/58 MP: 6/16
  6371 | D:8      | Gained mutation: You are hated by all. [Ru sacrifice]
  6371 | D:8      | Acquired Ru's second power
  6592 | D:8      | Noticed a hill giant
  6597 | D:8      | Killed a hill giant
  6998 | D:8      | Noticed a flayed ghost
  6998 | D:8      | Noticed a cyclops
  7012 | D:8      | Reached XP level 10. HP: 51/64 MP: 18/18
  7038 | D:8      | Killed a flayed ghost
  7038 | D:8      | Reached skill level 10 in Stealth
  7038 | D:8      | Reached skill level 10 in Hexes
  7039 | D:8      | Killed a cyclops
  7656 | D:10     | Entered Level 10 of the Dungeon
  7921 | D:10     | Found a staircase to the Lair.
  7934 | D:10     | Gained mutation: You are missing a hand. [Ru sacrifice]
  7934 | D:10     | Acquired Ru's third power
  7934 | D:10     | Acquired Ru's fourth power
  7934 | D:10     | Acquired Ru's fifth power
  7977 | D:10     | Reached skill level 10 in Short Blades
  8002 | D:10     | Noticed a hill giant
  8005 | D:10     | Killed a hill giant
  8090 | D:10     | Reached skill level 1 in Evocations
  8490 | D:11     | Reached skill level 11 in Stealth
  8569 | D:11     | Noticed a halberd of venom
  8584 | D:11     | HP: 2/64 [poisoned by a halberd of venom]
  8585 | D:11     | Succumbed to a halberd of venom's poison

Vault maps used:
D:1:      eino_arrival_cavern_d
D:2:      serial_bayou_pond_b, grunt_nemelex_the_gamble
D:3:      gammafunk_temple_overflow_elements, uniq_jessica
D:4:      old_standard_altar, lemuel_round_altar, temple_green, serial_shops,
          shop_fountains
D:5:      first_bread, minivault_27
D:6:      nicolae_overflow_hidden_temple, cheibriados_altar_1, uniq_menkaure,
          uniq_edmund, uniq_grinder
D:7:      serial_column_ruins, column_ruins_open_medium, column_ruins_grid_1,
          column_ruins_open_small, column_ruins_corridor_corner,
          uniq_crazy_yiuf_cottage, uniq_pikel
D:8:      minmay_diamond_stairs
D:10:     lair_0_dummy
D:11:     david_orc_4, serial_shops, nicolae_shop_trees,
          portal_ice_cave_entry_ice_beasts
Temple:   circular_temple_pool_12

Action                   |  1- 3 |  4- 6 |  7- 9 | 10-12 || total
-------------------------+-------+-------+-------+-------++-------
Melee: Dagger            |   165 |   241 |   428 |   231 ||  1065
 Cast: Ensorcelled Hiber |     4 |    20 |    56 |    10 ||    90
       Confuse           |       |     7 |    20 |    14 ||    41
       Tukima's Dance    |       |     1 |     3 |     1 ||     5
       Corona            |       |     1 |     4 |       ||     5
Invok: Sacrifice Experie |       |     1 |       |       ||     1
       Sacrifice Love    |       |       |     1 |       ||     1
       Sacrifice a Hand  |       |       |       |     1 ||     1
  Use: Scroll            |       |       |    12 |     1 ||    13
       Potion            |       |       |     1 |       ||     1
 Stab: Sleeping          |    13 |    28 |    45 |    21 ||   107
       Confused          |       |     4 |     6 |    10 ||    20
       Distracted        |       |       |     2 |     2 ||     4
       Invisible         |       |       |       |     2 ||     2
       Paralysed         |       |       |       |     1 ||     1
  Eat: Corpse            |    10 |     9 |    12 |     5 ||    36
